 Dungeon Crawl Stone Soup version 0.28-a0-1235-g7c8fac35f0 (webtiles) character file.

Game seed: 3894526381334572345

65 frimble the Slasher (level 3, 0/23 (28) HPs)
             Began as a Demonspawn Warper on Dec 25, 2021.
             Slain by Robin (2 damage)
             ... on level 1 of the Dungeon.
             The game lasted 00:01:31 (2358 turns).

frimble the Slasher (Demonspawn Warper)             Turns: 2358, Time: 00:01:32

HP:   0/23 (28)     AC:  3    Str: 11    XL:     3   Next: 94%
MP:   6/6           EV: 12    Int: 16    God:
Gold: 58            SH:  0    Dex: 12    Spells: 6/6 levels left

rFire   . . .      SeeInvis .   a - +0 falchion
rCold   . . .      Faith    .   (no shield)
rNeg    . . .      Spirit   .   b - +0 leather armour
rPois   .          Reflect  .   (no helmet)
rElec   .          Harm     .   (no cloak)
rCorr   .          Rampage  .   (no gloves)
Will    .....                   (no boots)
Stlth   +.........              (no amulet)
HPRegen 0.07/turn               (no ring)
MPRegen 0.10/turn               (no ring)

@: heavily drained
A: spiny 1
a: no special abilities


You were on level 1 of the Dungeon.
You visited 1 branch of the dungeon, and saw 2 of its levels.

You collected 58 gold pieces.

Inventory:

Hand Weapons
 a - a +0 falchion (weapon)
Missiles
 d - 5 boomerangs of dispersal (quivered)
Armour
 b - a +0 leather armour (worn)
Scrolls
 c - 2 scrolls of blinking
 e - 2 scrolls of fear
 i - a scroll of enchant weapon {unknown}
Potions
 f - a potion of lignification {unknown}
 g - 2 potions of heal wounds {unknown}
 h - 2 potions of might {unknown}


   Skills:
 + Level 2.5 Fighting
 + Level 3.1 Long Blades
 - Level 0.8 Throwing
 - Level 0.8 Armour
 - Level 2.5 Dodging
 - Level 2.0 Spellcasting
 - Level 2.6 Translocations


You had 6 spell levels left.
You didn't know any spells.
Your spell library contained the following spells:

 Spells                   Type           Power      Damage    Failure   Level
 Blink                    Tloc           20%        N/A       14%         2
 Gell's Gravitas          Tloc           10%        N/A       26%         3
 Lesser Beckoning         Tloc           10%        N/A       26%         3
 Teleport Other           Tloc           10%        N/A       26%         3
 Summon Guardian Golem    Hex/Summ       1%         N/A       63%         3
 Manifold Assault         Tloc           10%        N/A       94%         5
 Orb of Destruction       Conj           0%         N/A       100%        7
 Spellforged Servitor     Conj/Summ      0%         N/A       100%        7


Dungeon Overview and Level Annotations

Branches:
Dungeon (2/15)

Altars:

Annotations:
D:1 Robin


Innate Abilities, Weirdness & Mutations

You are partially covered in sharp spines.


Message History

The hobgoblin is struck by your spines. The hobgoblin hits you.
There is a stone staircase leading up, spattered with blood here.
The hobgoblin hits you.
Robin hits you with a +5 dagger of draining.
You feel drained.
You climb upwards.
There is a stone staircase leading down here.
You are too injured to fight recklessly!
You are too injured to fight recklessly!
You are too injured to fight recklessly!
You are too injured to fight recklessly!
You are too injured to fight recklessly!
You are too injured to fight recklessly!
You are too injured to fight recklessly!
You are too injured to fight recklessly!
You are too injured to fight recklessly!
You are too injured to fight recklessly!
You are too injured to fight recklessly!
You are too injured to fight recklessly!
You don't know any spells.
Unknown command.
You closely miss the hobgoblin.
The hobgoblin is moderately wounded.
The hobgoblin hits you.
Robin hits you with a +5 dagger of draining.
You feel drained.
You completely miss the hobgoblin. The hobgoblin closely misses you.
Robin hits you with a +5 dagger of draining.
You feel drained.
You hit the hobgoblin.
The hobgoblin is almost dead.
The hobgoblin misses you.
Robin roars a battlecry!
The hobgoblin goes into a battle-frenzy!
You hit the hobgoblin.
You kill the hobgoblin!
Robin hits you with a +5 dagger of draining.
* * * LOW HITPOINT WARNING * * *
You feel drained.
You die...

### ### ## #@###
#.# #.
#g†.###.#########.
#.#...............
#.################
#.................
##############....
#.... #######....
#.....'....


You could see Robin.

Vanquished Creatures
  2 adders (D:2)
  A worm (D:2)
  A ball python (D:2)
  3 endoplasms
  2 giant cockroaches
  13 goblins
  3 hobgoblins (D:1)
  4 jackals (D:1)
  2 bats
  A frilled lizard (D:1)
  5 kobolds
  3 rats
  A spectral kobold (D:1)
41 creatures vanquished.

Notes
Turn   | Place    | Note
-------+----------+-------------------------------------------
     0 | D:1      | frimble the Demonspawn Warper began the quest for the Orb.
     0 | D:1      | Reached XP level 1. HP: 16/16 MP: 3/3
   171 | D:1      | Reached skill level 2 in Long Blades
   446 | D:1      | Gained mutation: You are partially covered in sharp spines.
                  | [demonic ancestry]
   446 | D:1      | Reached XP level 2. HP: 13/22 MP: 5/5
   712 | D:1      | Found a faded altar of an unknown god.
  1464 | D:2      | Reached XP level 3. HP: 19/27 MP: 6/6
  2050 | D:2      | Reached skill level 3 in Long Blades
  2191 | D:2      | Noticed Robin
  2358 | D:1      | Slain by Robin

Illustrated notes

Levels and vault maps discovered:
D:1:      nzn_arrival_settlement, layout_basic,
          dreamdust_ecumenical_altar_drowned_temple
D:2:      layout_basic, chequers_serial_rivers_micro_a, uniq_robin

Skill      XL: |  1  2  3 |
---------------+----------+-----
Long Blades    | 2 3 |  3.1
Dodging        | 2 |  2.5
Fighting       | |  2.5
Throwing       | |  0.8
Armour         | |  0.8
Spellcasting   | |  2.0
Translocations | |  2.6

Action                   || total
-------------------------++-------
Melee: Falchion          ||   101
  Use: Scroll            ||     3
 Stab: Sleeping          ||     1
Armor: Leather armour    ||    19
Dodge: Dodged            ||    67

Table legend: (Time is in decaauts)
 A = Elapsed time spent in this place.
 B = Non-inter-level travel time spent in this place.
 C = Inter-level travel time spent in this place.
 D = Time resting spent in this place.
 E = Time spent auto-exploring this place.
 F = Levels seen in this place.
 G = Mean time per level.
                   A        B        C        D        E       F      G
               +--------+--------+--------+--------+--------+-----+--------+
         Total |   2381 |   2334 |     47 |    126 |   1908 |   2 | 1190.5 |
       Dungeon |   2381 |   2334 |     47 |    126 |   1908 |   2 | 1190.5 |
               +--------+--------+--------+--------+--------+-----+--------+

Top non-repeatable levels by time:
     D:1: 1701 daAuts
     D:2: 680 daAuts
